[Event "*** Titled Tuesday Blitz"]
[Site "Chess.com"]
[Date "2019.08.06"]
[Round "7"]
[White "Sveta10"]
[Black "PNEPaul"]
[Result "1-0"]
[WhiteElo "2067"]
[BlackElo "1750"]
[TimeControl "180+2"]
[EndTime "14:36:54 PDT"]
[Termination "Sveta10 won by resignation"]

1. e4 e5 2. Nf3 Nc6 3. d4 exd4 4. Bc4 Be7 5. Nxd4 d6 6. O-O Nf6 7. Nxc6 bxc6 8. Nc3 O-O 9. Re1 Be6 10. Bb3 Bxb3 11.
axb3 d5 12. exd5 cxd5 13. Bg5 d4 14. Bxf6 Bxf6 15. Ne4 g6 16. Qd3 Bg7 17. Ra4 f5 18.
Nc5 Qd5 19. b4 Rfe8 20. Rea1 Bf8 21. Nb3 Qe4 22. Qxe4 Rxe4 23. f3 Re2 24. Nxd4 Rd2 25. c3 c5 26. Nb3 Rxb2 27. Nxc5 Bxc5+ 28. bxc5 Re8 29. R4a2 Rb5 30. Rxa7 Rxc5 31. R7a3 Re3 32. Rc1 Re2 33. Kf1 Rb2 34. Ra7 Rb3 35. Rd1 Rc8 36.
Rdd7 Rbxc3 37. Rg7+ Kf8 38. Rxh7 Rc1+ 39. Kf2 Kg8 40.
Rag7+ Kf8 41. Rxg6 R1c2+ 42. Kg3 f4+ 43. Kxf4 R2c4+ 44. Kg3 1-0

[Event "*** Titled Tuesday Blitz"]
[Site "Chess.com"]
[Date "2019.08.06"]
[Round "7"]
[White "maciek_92"]
[Black "FrenchMonster2002"]
[Result "0-1"]
[WhiteElo "2736"]
[BlackElo "2529"]
[TimeControl "180+2"]
[EndTime "14:36:55 PDT"]
[Termination "FrenchMonster2002 won by checkmate"]

1. e4 c5 2. Nf3 Nc6 3. d4 cxd4 4. Nxd4 e5 5. Nb5 d6 6. N1c3 a6 7. Na3 Be7 8. Nc4 b5 9. Ne3 Nf6 10. Ned5 O-O 11. Be3 Rb8 12. h4 Be6 13. Nxf6+ Bxf6 14. g3 Nd4 15. Bh3 Bc4 16. a3 a5 17. b3 b4 18. bxc4 bxc3 19. Bxd4 exd4 20. O-O Rb2 21. Qd3 Qc7 22. h5 Rfb8 23. f4 g6 24. Kg2 Rxc2+ 25. Qxc2 Rb2 26. Qxb2 cxb2 27. Rab1 d3 28. hxg6 hxg6 29.
Kf3 Qxc4 30. Rfd1 Qc2 31. Bf1 d2 32. Ke3 Bc3 33. Bd3 Qb3 34. Rh1 Qxa3 35. f5 Qc5+ 36. Ke2 a4 37. fxg6 fxg6 38. Rbf1 a3 39. Rh6 Kg7 40.
Rfh1 a2 41. Rh7+ Kf6 42. Rf1+ Ke5 43. Re7+ Kd4 44. Rf4 Qh5+ 45. g4 Qh2+ 46. Kf3 d1=Q+ 47.
Be2 Qdxe2# 0-1

[Event "*** Titled Tuesday Blitz"]
[Site "Chess.com"]
[Date "2019.08.06"]
[Round "7"]
[White "gemarin"]
[Black "Bigfish1995"]
[Result "0-1"]
[WhiteElo "2087"]
[BlackElo "3047"]
[TimeControl "180+2"]
[EndTime "14:36:56 PDT"]
[Termination "Bigfish1995 won on time"]

1. d4 d5 2. c4 dxc4 3. Nf3 a6 4. a4 Nf6 5. e3 Bg4 6. Bxc4 e6 7. Nbd2 Nc6 8. a5 Bd6 9. Qb3 Rb8 10. Be2 O-O 11. O-O e5 12. Nc4 exd4 13. exd4 Bxf3 14. Bxf3 Nxd4 15.
Qc3 c5 16. Bg5 Be7 17. Rfe1 Re8 18. Nb6 Qd6 19. Bd1 Ne4 20. Rxe4 Bxg5 21. Qd3 Qg6 22.
Rxe8+ Rxe8 23. Qf1 Bd2 24. Ba4 Re2 25. Nc4 Bb4 26.
Kh1 Qe6 27. b3 h5 28. Rd1 h4 29. Ne3 Bxa5 30. Rxd4 Re1 31. Rd8+ Kh7 0-1

[Event "*** Titled Tuesday Blitz"]
[Site "Chess.com"]
[Date "2019.08.06"]
[Round "7"]
[White "stoleriu"]
[Black "imdvb6307"]
[Result "1-0"]
[WhiteElo "2505"]
[BlackElo "2392"]
[TimeControl "180+2"]
[EndTime "14:36:57 PDT"]
[Termination "stoleriu won on time"]

1. e4 Nc6 2. Nf3 d6 3. d4 Nf6 4. Nc3 Bg4 5. Bb5 a6 6. Ba4 b5 7.
Bb3 e6 8. Be3 d5 9. exd5 exd5 10. h3 Be6 11. Ng5 Bb4 12. Nxe6 Bxc3+ 13. bxc3 fxe6 14.
O-O O-O 15. a4 Ne8 16. Qg4 Kf7 17. Qh5+ Kg8 18. axb5 axb5 19. Rxa8 Qxa8 20. f4 Ne7 21. g4 c6 22. Qh4 Rf7 23. Qe1 Nd6 24. Qa1 Rf8 25.
Kg2 Rd8 26. Qb2 Qb7 27. Ra1 Ra8 28. Ra3 Rxa3 29. Qxa3 Qb8 30. Qc5 g6 31. f5 gxf5 32. Bf4 Nec8 33. gxf5 Qc7 34. fxe6 Kf8 35. Bxd5 1-0

[Event "*** Titled Tuesday Blitz"]
[Site "Chess.com"]
[Date "2019.08.06"]
[Round "7"]
[White "HomayoonTofighi"]
[Black "Micki-taryan"]
[Result "1-0"]
[WhiteElo "2862"]
[BlackElo "2962"]
[TimeControl "180+2"]
[EndTime "14:36:59 PDT"]
[Termination "HomayoonTofighi won by resignation"]

1. d4 Nf6 2. Nf3 e6 3. g3 b6 4.
Bg2 Bb7 5. O-O Be7 6. c4 O-O 7. Nc3 d5 8. Ne5 Nbd7 9. Qa4 c6 10. Nxc6 Bxc6 11. Qxc6 Rc8 12. Qa4 Rxc4 13. Qxa7 Rxd4 14.
b3 Bc5 15. Na4 Qa8 16. Qxa8 Rxa8 17. e3 Rdxa4 18. bxa4 Rxa4 19. Bb2 Kf8 20. Rfb1 Ke7 21.
Bf1 Ne4 22. Bb5 Ra7 23. a4 f6 24. Kg2 Ne5 25. Bd4 Nd6 26. a5 Nxb5 27. axb6 Bxb6 28. Rxa7+ Bxa7 29. Bxa7 Nc3 30. Rb7+ Nd7 31. Bc5+ Ke8 32.
Bd6 Ne4 33. Bb4 Ng5 34. h4 Nf7 35. h5 Nfe5 36. Bd6 Nc4 37. Bb4 Nce5 38. Ra7 Nc6 39. Ra8+ Kf7 40. Ba3 Nce5 41. Rd8 g5 42.
f4 gxf4 43. exf4 Nc4 44. Rxd7+ 1-0

[Event "*** Titled Tuesday Blitz"]
[Site "Chess.com"]
[Date "2019.08.06"]
[Round "7"]
[White "M1711"]
[Black "PchelkinVK"]
[Result "1-0"]
[WhiteElo "2556"]
[BlackElo "2529"]
[TimeControl "180+2"]
[EndTime "14:36:59 PDT"]
[Termination "M1711 won by resignation"]

1. d4 e5 2. dxe5 d6 3. Nf3 Nc6 4. Bf4 Bg4 5. exd6 Qf6 6. Qc1 Bxd6 7. Bxd6 Qxd6 8. Qg5 Nf6 9. Nbd2 O-O-O 10. O-O-O Be6 11. a3 Ng4 12. Qh4 Qd5 13. e3 Qa2 14. Bd3 Qa1+ 15. Nb1 h5 16. h3 Nge5 17. Nxe5 Nxe5 18. Qb4 Ba2 19. Kd2 Nc4+ 20. Ke2 Nxb2 21. Nc3 Nxd3 22. cxd3 a5 23. Rxa1 axb4 24. Nxa2 bxa3 25. Nc3 Rh6 26. Rxa3 Kd7 27. Rb1 b6 28. Ra7 Rg6 29. g3 Kc6 30. Ne4 h4 31. g4 Re6 32. Rc1+ 1-0

[Event "*** Titled Tuesday Blitz"]
[Site "Chess.com"]
[Date "2019.08.06"]
[Round "7"]
[White "temus_galaktionov"]
[Black "olksuna"]
[Result "1-0"]
[WhiteElo "2696"]
[BlackElo "2532"]
[TimeControl "180+2"]
[EndTime "14:37:02 PDT"]
[Termination "temus_galaktionov won by resignation"]

1. d4 d5 2. Nf3 e6 3. c4 Nf6 4.
Nc3 Be7 5. Bf4 O-O 6. e3 b6 7. Bd3 dxc4 8. Bxc4 Bb7 9. O-O a6 10. Rc1 b5 11. Bd3 c5 12. dxc5 Nbd7 13. b4 Bxf3 14. gxf3 Rc8 15. a3 e5 16. Bg3 Re8 17. Bc2 Qc7 18. Nd5 Nxd5 19. Qxd5 Bf6 20. Rfd1 Nf8 21.
Qd6 Qa7 22. Qd5 h5 23. Qe4 Qe7 24. h3 g6 25. Bb3 Kg7 26. Rc2 Nh7 27. h4 g5 28. hxg5 Nxg5 29. Qf5 Rc7 30. Rcd2 Rh8 31. Rd7 Rxd7 32. Rxd7 Qe8 33. Rd6 Rh6 34. Rxf6 Rxf6 35.
Qxg5+ Rg6 36. Qxh5 f6 37. Kf1 Qd7 38. Ke2 a5 39.
Qh1 a4 40. Ba2 Rh6 41. Qd1 Qf5 42. Qd3 Qxd3+ 43. Kxd3 Rh1 44. Kc2 Ra1 45. Kb2 Rd1 46.
Be6 Kf8 47. c6 Ke7 48. c7 1-0

[Event "*** Titled Tuesday Blitz"]
[Site "Chess.com"]
[Date "2019.08.06"]
[Round "7"]
[White "ChessFunMaker"]
[Black "pandamaster3000"]
[Result "1-0"]
[WhiteElo "2244"]
[BlackElo "2292"]
[TimeControl "180+2"]
[EndTime "14:37:07 PDT"]
[Termination "ChessFunMaker won by resignation"]

1. e4 c5 2. Nf3 d6 3. d4 cxd4 4.
Nxd4 Nf6 5. Nc3 a6 6. Nb3 e5 7. Bg5 Be6 8. Bxf6 Qxf6 9. Nd5 Qd8 10.
Qd3 Nd7 11. O-O-O Nf6 12. g3 Bxd5 13. exd5 g6 14. f4 Nd7 15. Bh3 Bg7 16. f5 O-O 17.
Kb1 Re8 18. Rhf1 e4 19. Qe2 a5 20. Nd4 Nc5 21. fxg6 hxg6 22. Ne6 fxe6 23. dxe6 Qb6 24. b3 a4 25. Rf7 axb3 26. cxb3 Nxb3 27. Rxg7+ Kxg7 28. Qb2+ Kg8 29. axb3 Rf8 30. e7 Rf7 31. Be6 Qf2 32. Qxf2 1-0

[Event "*** Titled Tuesday Blitz"]
[Site "Chess.com"]
[Date "2019.08.06"]
[Round "7"]
[White "Hanging_pointer"]
[Black "colegiodemadrid"]
[Result "1-0"]
[WhiteElo "2479"]
[BlackElo "2342"]
[TimeControl "180+2"]
[EndTime "14:37:09 PDT"]
[Termination "Hanging_pointer won by resignation"]

1. e4 e5 2. Nf3 Nc6 3. Bc4 Nf6 4. d3 Be7 5. O-O d6 6. a4 O-O 7. a5 a6 8. Re1 Be6 9. Nc3 Qd7 10. Nd5 Bg4 11.
c3 Nxd5 12. Bxd5 Kh8 13. h3 Bh5 14. b4 Nd8 15. g4 Bg6 16. Kg2 c6 17. Bb3 h5 18.
Rh1 Kg8 19. Ng5 h4 20. Qe2 d5 21. Nf3 dxe4 22. Nxe5 Qd6 23. Bf4 exd3 24. Qf3 Ne6 25. Nxg6 Nxf4+ 26. Nxf4 Bg5 27. Nxd3 Rad8 28. Nc5 Qe5 29.
Rhe1 Qf6 30. Rad1 Rxd1 31. Rxd1 Qg6 32. Nd7 Re8 33. Nc5 Bf6 34. Rd7 Rf8 35. Rxb7 Qb1 36.
Bc4 Qc2 37. Nd7 Bxc3 38. Nxf8 1-0

[Event "*** Titled Tuesday Blitz"]
[Site "Chess.com"]
[Date "2019.08.06"]
[Round "7"]
[White "ArnaudovP"]
[Black "GM_shahin"]
[Result "1-0"]
[WhiteElo "2678"]
[BlackElo "2875"]
[TimeControl "180+2"]
[EndTime "14:37:10 PDT"]
[Termination "ArnaudovP won by resignation"]

1. Nf3 d5 2. c4 e6 3. g3 dxc4 4. Bg2 c5 5. Na3 Nc6 6. Nxc4 Be7 7. O-O Nh6 8. b3 Bf6 9. Bb2 Bxb2 10. Nxb2 O-O 11.
Rc1 Qd6 12. Nc4 Qe7 13. Nce5 Nxe5 14. Nxe5 Rb8 15. Qc2 f6 16. Nf3 b6 17. d4 Ba6 18.
dxc5 bxc5 19. Qxc5 Qxc5 20. Rxc5 Bxe2 21. Re1 Bxf3 22.
Bxf3 e5 23. Ra5 Nf5 24. Rxa7 Nd4 25. Bd5+ Kh8 26. Kg2 Rfd8 27. Bc4 Nc2 28. Re2 Nb4 29. Rc7 h5 30. a3 Nd3 31. Re3 Nb2 32. Bf7 Nd1 33. Re2 Rd3 34. Rec2 Kh7 35. Bxh5 Rbxb3 36. Be2 Rd4 37. a4 Ra3 38. R7c4 Rxc4 39. Rxc4 Nb2 40.
Rc8 Rxa4 41. Rb8 Ra8 42. Rxa8 1-0

[Event "*** Titled Tuesday Blitz"]
[Site "Chess.com"]
[Date "2019.08.06"]
[Round "7"]
[White "ElHelvetico"]
[Black "GianmarcoVaR"]
[Result "1-0"]
[WhiteElo "2694"]
[BlackElo "2567"]
[TimeControl "180+2"]
[EndTime "14:37:10 PDT"]
[Termination "ElHelvetico won by checkmate"]

1. e4 c5 2. Nf3 d6 3. d4 cxd4 4. Nxd4 Nf6 5. Nc3 a6 6. Qd3 Nc6 7. Bg5 Bd7 8. O-O-O Rc8 9. f4 e6 10. Kb1 Be7 11. Nf3 Ng4 12. Bxe7 Nxe7 13. Qd4 e5 14. fxe5 Nc6 15. Qxd6 Nf2 16. Bc4 Nxd1 17. Rxd1 Qe7 18.
Ng5 Nxe5 19. Qxe7+ Kxe7 20. Nd5+ Ke8 21. Bb3 Be6 22.
Nxe6 fxe6 23. Nf4 Ke7 24. Nxe6 Rc6 25. Nxg7 Rhc8 26. Nf5+ Kf6 27. Rf1 Kg6 28. Ne7+ Kg5 29. Nxc8 Rxc8 30. Rf5+ Kg6 31. Rxe5 Rd8 32. Bd5 Rf8 33.
a4 Rf1+ 34. Ka2 Rf2 35. Re6+ Kg5 36. Re7 Kg6 37. Rxb7 Rxc2 38. Rb6+ Kg5 39. Rxa6 Rxg2 40.
Ra7 Kf4 41. a5 Rxh2 42. a6 h6 43. Rf7+ Ke5 44. a7 Kd4 45. a8=Q h5 46. Qa7+ Ke5 47. Rf5+ Kd6 48. Qb6+ Ke7 49. Rf7+ Ke8 50. Qb8# 1-0

[Event "*** Titled Tuesday Blitz"]
[Site "Chess.com"]
[Date "2019.08.06"]
[Round "7"]
[White "ChrisTool2"]
[Black "JSMastropiero"]
[Result "1-0"]
[WhiteElo "2291"]
[BlackElo "2310"]
[TimeControl "180+2"]
[EndTime "14:37:11 PDT"]
[Termination "ChrisTool2 won by checkmate"]

1. d4 e6 2. c4 d5 3. Nf3 Nf6 4. Nc3 Bb4 5. Qa4+ Nc6 6. Bg5 h6 7. Bxf6 Qxf6 8. e3 O-O 9. Qc2 e5 10. a3 exd4 11. exd4 Re8+ 12. Be2 Bxc3+ 13. bxc3 dxc4 14. O-O Na5 15. Qa4 Rxe2 16. Qxa5 b6 17. Qd5 Rb8 18. Qxc4 Re7 19. Rfe1 Bb7 20. Rxe7 Qxe7 21.
Re1 Qd6 22. Ne5 Bd5 23. Qa4 a5 24. h3 f6 25. Ng6 Kf7 26. Nh4 Qc6 27. Qc2 Re8 28.
Qg6+ Kf8 29. Re3 Rxe3 30. fxe3 Qxc3 31. Nf5 Bf7 32. Qxg7+ Ke8 33. Qxf6 Qxa3 34. Ng7+ Kf8 35. Ne6+ Ke8 36. Qd8# 1-0

[Event "*** Titled Tuesday Blitz"]
[Site "Chess.com"]
[Date "2019.08.06"]
[Round "7"]
[White "WarlordX"]
[Black "Manukyan_Artak"]
[Result "1-0"]
[WhiteElo "2525"]
[BlackElo "2393"]
[TimeControl "180+2"]
[EndTime "14:37:12 PDT"]
[Termination "WarlordX won by resignation"]

1. d4 Nf6 2. c4 e6 3. Nf3 b6 4.
g3 Bb7 5. Bg2 c5 6. e3 d5 7.
cxd5 exd5 8. O-O Nbd7 9. Nc3 c4 10. b3 Rc8 11. bxc4 Rxc4 12. Bb2 Bb4 13. Qb3 Bxc3 14.
Bxc3 O-O 15. Rfd1 Ne4 16. Bb4 Re8 17. Bf1 Rc7 18. a4 Qf6 19. Kg2 g5 20. h3 h5 21.
Ra2 g4 22. hxg4 hxg4 23. Nh4 Nf8 24. Bb5 Rec8 25. Bxf8 Kxf8 26. Rf1 Kg7 27. Bd3 Rc1 28. Bxe4 Rxf1 29. Kxf1 dxe4 30. Rc2 Ba6+ 31. Kg2 Rh8 32. Qd5 Rxh4 33. gxh4 Qf3+ 34. Kh2 Bf1 35. Qe5+ Kh7 36.
Qh5+ Kg7 37. Qg5+ Kh7 38. Qh5+ Kg7 39. Qe5+ Kh7 40. Qg3 Qd1 41. Rc7 Bc4 42. Rxc4 1-0

[Event "*** Titled Tuesday Blitz"]
[Site "Chess.com"]
[Date "2019.08.06"]
[Round "7"]
[White "rekosheten"]
[Black "Rhemmy"]
[Result "0-1"]
[WhiteElo "2371"]
[BlackElo "2509"]
[TimeControl "180+2"]
[EndTime "14:37:16 PDT"]
[Termination "Rhemmy won by resignation"]

1. e4 e5 2. Nf3 Nc6 3. Bc4 Nf6 4. O-O Nxe4 5. d4 exd4 6. Re1 d5 7. Bxd5 Qxd5 8. Nc3 Qa5 9. Nxe4 Be6 10. Neg5 O-O-O 11. Nxe6 fxe6 12. Rxe6 Qd5 13. Qe2 h6 14. Bf4 Bc5 15.
Re1 Qxa2 16. Qb5 Bb6 17. Rxc6 bxc6 18. Qxc6 Qd5 19. Qa4 Rhf8 20. Bg3 g5 21. Re7 Rf7 22. Qa6+ Kb8 23. Re5 Qc6 24. Rb5 Rd5 25. Rb3 Qxc2 26. Rxb6+ axb6 27. Qxb6+ Kc8 28. Qe6+ Rfd7 29. h4 Qf5 30.
Qa6+ Kd8 31. Qxh6 d3 32. Qh8+ Ke7 33. hxg5 d2 34. Nxd2 Rxd2 35. Qg7+ Qf7 36. Qe5+ Kd8 37. f4 Rd1+ 38. Kf2 R7d2+ 39. Kf3 Qh5+ 40. Ke4 Re2+ 0-1

[Event "*** Titled Tuesday Blitz"]
[Site "Chess.com"]
[Date "2019.08.06"]
[Round "7"]
[White "VeraNebolsina"]
[Black "GMMarcinDziuba"]
[Result "0-1"]
[WhiteElo "2392"]
[BlackElo "2730"]
[TimeControl "180+2"]
[EndTime "14:37:17 PDT"]
[Termination "GMMarcinDziuba won by resignation"]

1. e4 d6 2. d4 g6 3. Nc3 Bg7 4.
h4 h5 5. Nf3 Bg4 6. Be2 Nc6 7.
Be3 Nf6 8. Ng5 Bxe2 9. Qxe2 Ng4 10. O-O-O Qd7 11. Kb1 Bh6 12. Bc1 e5 13. Nd5 Nxd4 14. Rxd4 exd4 15. f3 c6 16. fxg4 cxd5 17. exd5+ Kd8 18.
Qf2 Bxg5 19. Bxg5+ Kc7 20. Qxd4 Qxg4 21. Qd3 Rae8 22.
Rf1 f5 23. a4 Qxa4 24. Qc3+ Kb8 25. Bf4 Qa6 26. Rd1 Rhf8 27. Qb4 Rf6 28. Qc3 Rf7 29. Qb4 Rd7 30. b3 Re4 31. Qd2 Qe2 32. Qc1 a5 33. Bg5 a4 34. Rd3 Rc7 35. Bd8 Rc8 36. Bb6 Qxd3 37.
cxd3 Rxc1+ 38. Kxc1 Rxh4 39. bxa4 Rxa4 0-1

[Event "*** Titled Tuesday Blitz"]
[Site "Chess.com"]
[Date "2019.08.06"]
[Round "7"]
[White "vladimirdamjanovic"]
[Black "vlad_Sid"]
[Result "0-1"]
[WhiteElo "2624"]
[BlackElo "2599"]
[TimeControl "180+2"]
[EndTime "14:37:20 PDT"]
[Termination "vlad_Sid won by resignation"]

1. e4 c6 2. d4 d5 3. e5 Bf5 4. c4 e6 5. Nc3 Ne7 6. Nge2 dxc4 7. Ng3 Bd3 8. Bxd3 cxd3 9. Qxd3 Nd5 10. O-O Nd7 11. Nge4 N7b6 12. Bg5 f6 13. Bh4 Be7 14.
exf6 gxf6 15. Rae1 Qd7 16. Nc5 Bxc5 17. dxc5 Nxc3 18.
Qxc3 Nd5 19. Qh3 e5 20. Qa3 Qg4 21. Bg3 O-O 22. f4 exf4 23. Bf2 Rae8 24. h3 Qg6 25. Qf3 Rxe1 26. Bxe1 Re8 27. Bd2 Re4 28. h4 h5 29.
Kh1 Kh7 30. Kh2 f5 31. a3 Qg4 32. Qf2 Kg6 33. Re1 a6 34. b4 Kh7 35. Rf1 Re2 36.
Qf3 Qxf3 37. Rxf3 Rxd2 38. Rb3 Ne3 39. Kh3 Rxg2 40. a4 Rg3+ 41. Kh2 Ng4+ 0-1

[Event "*** Titled Tuesday Blitz"]
[Site "Chess.com"]
[Date "2019.08.06"]
[Round "7"]
[White "Wolverine_master"]
[Black "HrvojeZagreb"]
[Result "0-1"]
[WhiteElo "2100"]
[BlackElo "2073"]
[TimeControl "180+2"]
[EndTime "14:37:21 PDT"]
[Termination "HrvojeZagreb won by resignation"]

1. e4 e6 2. d4 d5 3. Nc3 dxe4 4. Nxe4 Nd7 5. Nf3 Ngf6 6. Bg5 Nxe4 7. Bxd8 Kxd8 8. Bd3 Nef6 9. Qe2 c6 10. Ne5 Nxe5 11.
dxe5 Nd5 12. O-O-O b5 13. Be4 Bd7 14. Qf3 Ke8 15. g4 h6 16. h4 Be7 17. Rdg1 g5 18.
h5 a5 19. Rd1 a4 20. Bxd5 cxd5 21. Rd4 Rc8 22. Rhd1 Kf8 23. Kb1 Kg7 24. R4d3 Rc4 25. Rd4 Rc5 26. R1d3 Rhc8 27. Rd2 R5c7 28. Qe2 b4 29. f4 gxf4 30. Rxf4 Bg5 31. Qf2 Be8 32. Re2 b3 33. axb3 axb3 34. c3 Ra8 35. Kc1 Rc4 36. Kb1 Rxf4 37. Qe1 Rfa4 0-1

[Event "*** Titled Tuesday Blitz"]
[Site "Chess.com"]
[Date "2019.08.06"]
[Round "7"]
[White "kinga2008"]
[Black "Chigorinetz"]
[Result "0-1"]
[WhiteElo "1928"]
[BlackElo "2608"]
[TimeControl "180+2"]
[EndTime "14:37:21 PDT"]
[Termination "Chigorinetz won on time"]

1. e4 c5 2. Nf3 Nc6 3. c3 d5 4. Bd3 Nf6 5. exd5 Qxd5 6. Bc2 Bg4 7. O-O e6 8. Bb3 c4 9. Bc2 Ne5 10. d4 Nxf3+ 11. gxf3 Bxf3 12. Qd2 Bd6 13. Qg5 O-O-O 14. Qxd5 exd5 15. Nd2 Be2 16. Re1 Rde8 17. f3 Re7 18. Kf2 Rhe8 19. b3 Bd3 20. Rxe7 Rxe7 21. Bxd3 cxd3 22.
Nf1 Re2+ 23. Kg1 Nh5 24. Bd2 Bxh2+ 25. Nxh2 Rxd2 26. Re1 Kd7 27. Ng4 f6 28. Ne3 Nf4 29. Nf5 g6 30. Ne3 Kd6 31. Ng4 Re2 32. Rxe2 Nxe2+ 33. Kf2 Nxc3 34. Ke3 Nxa2 35. Nxf6 h5 0-1

[Event "*** Titled Tuesday Blitz"]
[Site "Chess.com"]
[Date "2019.08.06"]
[Round "7"]
[White "tonyq11"]
[Black "minnesotachessmaster"]
[Result "1/2-1/2"]
[WhiteElo "2205"]
[BlackElo "1946"]
[TimeControl "180+2"]
[EndTime "14:37:31 PDT"]
[Termination "Game drawn by agreement"]

1. d4 Nf6 2. c4 c5 3. d5 e6 4. Nc3 exd5 5. cxd5 d6 6. e4 g6 7. Nge2 Bg7 8. Ng3 O-O 9. Bd3 a6 10. a4 Qc7 11. O-O Nbd7 12. f4 h5 13. Kh1 Ng4 14. h3 Qd8 15. Qf3 Nh6 16. Bd2 Re8 17. Rae1 Qc7 18.
Nxh5 gxh5 19. Qxh5 Nf6 20. Qg5 Nh7 21. Qg3 c4 22.
Bc2 Kh8 23. e5 Bf5 24. Bxf5 Nxf5 25. Qg4 Nh6 26. Qf3 dxe5 27. fxe5 Rxe5 28. Bf4 Rae8 29. Rxe5 Rxe5 30. Bxe5 Qxe5 31. Qe2 Qxe2 32. Nxe2 Bxb2 33. d6 Nf8 34. Rb1 c3 35. Rf1 c2 36. Kh2 Kg7 37. Nc1 f5 38. Nd3 Ba3 39. Kg3 Bxd6+ 40. Kf3 Ba3 41. Ke2 Ne6 42. Kd2 Nd4 43. Kc3 c1=Q+ 44. Nxc1 Bxc1 45. Kxd4 Bb2+ 46. Kd5 Ba3 1/2-1/2

[Event "*** Titled Tuesday Blitz"]
[Site "Chess.com"]
[Date "2019.08.06"]
[Round "7"]
[White "Orest_Vovk"]
[Black "eCztery"]
[Result "1-0"]
[WhiteElo "2239"]
[BlackElo "2135"]
[TimeControl "180+2"]
[EndTime "14:37:33 PDT"]
[Termination "Orest_Vovk won by checkmate"]

1. h4 e5 2. h5 d5 3. h6 Nxh6 4. d4 e4 5. Bxh6 gxh6 6. e3 Nc6 7.
c4 Be6 8. Nc3 Bb4 9. Qb3 dxc4 10.
Bxc4 Bxc4 11. Qxc4 Qe7 12. Rxh6 O-O-O 13. Nh3 Na5 14.
Qb5 a6 15. Qg5 Qd7 16. a3 Bxc3+ 17. bxc3 Nc4 18. Qc5 Qa4 19. Qb4 Qxb4 20. axb4 Rd6 21. Rxd6 cxd6 22. Ke2 Kd7 23. Nf4 Nb6 24. Rh1 Rc8 25.
Rxh7 Rxc3 26. Rxf7+ Kc8 27. g4 Rc2+ 28. Kf1 Nc4 29. g5 Nd2+ 30. Kg2 Nf3 31. g6 Rc1 32. Ne2 Re1 33. Rxf3 exf3+ 34. Kxf3 Rh1 35. g7 Rh3+ 36. Ng3 Kc7 37. g8=Q Rh6 38. Qg7+ Kb6 39. Qxh6 Kb5 40. Qxd6 b6 41. Ne4 a5 42. Nc3+ Ka6 43. b5+ Kb7 44.
Qd7+ Kb8 45. Qc6 a4 46. Qxb6+ Ka8 47. Nd5 a3 48. Nc7# 1-0

[Event "*** Titled Tuesday Blitz"]
[Site "Chess.com"]
[Date "2019.08.06"]
[Round "7"]
[White "2nd_life"]
[Black "Gubajdullin"]
[Result "0-1"]
[WhiteElo "2451"]
[BlackElo "2613"]
[TimeControl "180+2"]
[EndTime "14:37:36 PDT"]
[Termination "Gubajdullin won on time"]

1. e4 c6 2. d4 d5 3. e5 Bf5 4. c3 e6 5. Be3 Nd7 6. Nd2 Ne7 7. f4 h5 8. Be2 Bg6 9. Ngf3 Nf5 10. Bf2 Be7 11. O-O O-O 12. b3 f6 13. Nh4 Nxh4 14. Bxh4 fxe5 15. Bxe7 Qxe7 16. fxe5 Qg5 17.
Nf3 Qe3+ 18. Rf2 Qxc3 19. Qc1 Qxc1+ 20. Rxc1 Rf4 21. g3 Rf7 22. Ng5 Rxf2 23. Kxf2 Nf8 24. Ke3 Re8 25. b4 a6 26. a4 Nh7 27. Nh3 Ra8 28.
Nf4 Bf7 29. Bxh5 Bxh5 30. Nxh5 a5 31. Rb1 axb4 32. Rxb4 Ra7 33. Nf4 Nf8 34. h4 Kf7 35.
g4 Nd7 36. g5 c5 37. g6+ Ke7 38. dxc5 Nxe5 39. Rb6 Nc4+ 40. Kf3 Nxb6 41. cxb6 Rxa4 42. h5 Kf6 43. Nd3 Ra3 44. Ke2 Rc3 0-1

[Event "*** Titled Tuesday Blitz"]
[Site "Chess.com"]
[Date "2019.08.06"]
[Round "7"]
[White "wonderfultime"]
[Black "Korchmar_Vasiliy"]
[Result "0-1"]
[WhiteElo "2852"]
[BlackElo "2686"]
[TimeControl "180+2"]
[EndTime "14:37:40 PDT"]
[Termination "Korchmar_Vasiliy won by resignation"]

1. c4 c5 2. Nf3 Nc6 3. Nc3 g6 4. e3 Bg7 5. d4 Nf6 6. d5 Na5 7. Bd3 d6 8. O-O O-O 9. h3 e5 10. Nd2 b6 11. a3 Ne8 12. Qc2 f5 13. f4 e4 14. Be2 g5 15. b4 Nb7 16. Bb2 Bd7 17.
Rae1 Rc8 18. b5 gxf4 19. Rxf4 Be5 20. Ref1 Bxf4 21. Rxf4 Ng7 22. Nd1 Qg5 23. h4 Qg6 24. Qc3 Nd8 25. h5 Qh6 26. Nf2 Nf7 27. Nh3 Ne5 28.
Nf1 Ne8 29. Qe1 Nf6 30. Qg3+ Kh8 31. Qh4 Rg8 32. Ng3 Rcf8 33. Nxf5 Bxf5 34. Rxf5 Qxe3+ 35. Rf2 Rg7 36. Kh1 Qg3 37. Qxg3 Rxg3 38. Nf4 Kg8 39. Ne6 Rf7 40. Rf5 Nfd7 41. Bxe5 Nxe5 42. Rxe5 dxe5 43. Kh2 Rxa3 44. d6 Ra2 45. Bg4 Rd2 46. Ng5 Rxd6 47. Nxf7 Kxf7 48. Bf5 h6 49. Bxe4 Rd4 50. Bc6 Kf6 0-1

[Event "*** Titled Tuesday Blitz"]
[Site "Chess.com"]
[Date "2019.08.06"]
[Round "7"]
[White "guillembaches"]
[Black "NoGalloNoParty"]
[Result "1-0"]
[WhiteElo "2323"]
[BlackElo "2313"]
[TimeControl "180+2"]
[EndTime "14:37:40 PDT"]
[Termination "guillembaches won by checkmate"]

1. e4 c5 2. Nf3 d6 3. d4 cxd4 4. Qxd4 Nf6 5. Be2 Nc6 6. Qe3 g6 7. c4 Bg7 8. h3 O-O 9. O-O Nd7 10. Nc3 a5 11. Bd2 Nc5 12. Rfd1 Kh8 13. Rac1 f5 14.
exf5 Bxf5 15. b3 a4 16. Nb5 axb3 17. axb3 Ne4 18. Be1 Ra2 19. g4 Rg8 20. Bd3 Nc5 21. gxf5 gxf5 22. Kf1 Nxb3 23. Rb1 Nc5 24. Bxf5 Qf8 25.
Bg4 Ne5 26. Nxe5 Bxe5 27. Bc3 Bxc3 28. Nxc3 Rc2 29. Rd2 Rxd2 30. Qxd2 Qf6 31. Nd5 Qg6 32. Re1 Rf8 33. Qc1 Nd3 34. Qe3 Nxe1 35. Kxe1 Qf7 36. f4 e5 37. f5 Qg7 38. f6 Qg6 39. Qf3 Ra8 40. Kf2 Ra2+ 41. Kg3 h5 42.
f7 h4+ 43. Kxh4 Qh6+ 44. Kg3 Qf8 45. Qf6+ Kh7 46. Bf5# 1-0

[Event "*** Titled Tuesday Blitz"]
[Site "Chess.com"]
[Date "2019.08.06"]
[Round "7"]
[White "DenishevM"]
[Black "Mbneu"]
[Result "1-0"]
[WhiteElo "2488"]
[BlackElo "2267"]
[TimeControl "180+2"]
[EndTime "14:37:40 PDT"]
[Termination "DenishevM won by resignation"]

1. d4 Nf6 2. c4 c5 3. d5 e6 4. Nc3 exd5 5. cxd5 d6 6. Nf3 g6 7. Bf4 Bg7 8. Qa4+ Bd7 9. Qb3 b5 10. Bxd6 Qb6 11. Be5 O-O 12. e3 c4 13. Qc2 b4 14. Bxf6 Bxf6 15. Ne4 Bg7 16. Bxc4 Rc8 17. O-O Bb5 18. b3 Bxa1 19. Rxa1 Nd7 20. Qe2 Bxc4 21. bxc4 a5 22. Nd4 a4 23. Rb1 f5 24. Ng5 Ne5 25. Nge6 Nxc4 26. Nc6 Rxc6 27. dxc6 Qxc6 28. Nd4 Qc5 29.
Rc1 Rc8 30. h4 Qd5 31. Rd1 Rd8 32. Rc1 Rc8 33. h5 Nd6 34. Rxc8+ Nxc8 35. Qa6 Qd7 36.
hxg6 Ne7 37. Qc4+ Kh8 38. gxh7 Qd6 39. g3 Kxh7 40. Qf7+ Kh8 41. Ne6 Qd1+ 42. Kh2 1-0

[Event "*** Titled Tuesday Blitz"]
[Site "Chess.com"]
[Date "2019.08.06"]
[Round "7"]
[White "BoboHead"]
[Black "Drags95"]
[Result "0-1"]
[WhiteElo "2162"]
[BlackElo "2826"]
[TimeControl "180+2"]
[EndTime "14:37:44 PDT"]
[Termination "Drags95 won on time"]

1. e4 c5 2. Nf3 e6 3. d4 cxd4 4. Nxd4 Nc6 5. Nc3 Qc7 6. g3 a6 7.
Bg2 Nf6 8. O-O Nxd4 9. Qxd4 Bc5 10. Qd3 d6 11. Na4 Ba7 12. c4 O-O 13. Nc3 Ng4 14.
Qe2 Ne5 15. b3 b5 16. Bf4 bxc4 17. Bxe5 dxe5 18. bxc4 Bd4 19. Rac1 Bd7 20. Rfd1 Rfc8 21. Bf1 Rab8 22. Rc2 g6 23. h4 h5 24. Rdc1 Kg7 25. Nd1 Ba4 26. Rd2 Bc6 27. Bg2 Qa5 28. Ne3 Qa3 29.
Rcc2 Ba4 30. Rd3 Rb1+ 31. Kh2 Qc5 32. Rcd2 Rcb8 33. Nc2 Bxc2 34. Rxc2 Ra1 35. Rb3 Rxb3 36. axb3 Rb1 37. Ra2 Rxb3 38. Rc2 a5 39. Bh3 a4 40. Qd2 a3 41. Bf1 Rb2 42. Bd3 Rxc2 43. Qxc2 Bxf2 44. Kg2 Bd4 45. Qb3 Qa5 46. Kf3 a2 0-1